 Dungeon Crawl Stone Soup version 0.23.2-1-ga50397a (webtiles) character file.

Game seed: 9412063366065140381

1754 teukkam the Fighter (level 8, -14/74 HPs)
             Began as a Minotaur Fighter on June 2, 2019.
             Was an Initiate of Gozag.
             Demolished by a red ugly thing (20 damage)
             ... on level 7 of the Dungeon.
             The game lasted 00:14:29 (4312 turns).

teukkam the Fighter (Minotaur Fighter)              Turns: 4312, Time: 00:14:31

Health: -14/74     AC: 11    Str: 24    XL:     8   Next: 78%
Magic:  16/16      EV:  6    Int: 10    God:    Gozag
Gold:   728        SH: 10    Dex:  9    Spells: 7/7 levels left

rFire    . . .     SeeInvis .   a - +8 hand axe of Strategic Superiority {drain, MP+9}
rCold    . . .     Gourm    .   y - +0 shield
rNeg     . . .     Faith    .   g - +0 chain mail
rPois    +         Spirit   .   (helmet restricted)
rElec    .         Reflect  .   (no cloak)
rCorr    .         Harm     .   l - +0 pair of gloves
MR       .....                  (no boots)
Stlth    ..........             (no amulet)
HPRegen  0.22/turn              (no ring)
MPRegen  0.15/turn              u - ring of poison resistance

@: brilliant
A: retaliatory headbutt, horns 2
a: Potion Petition, Call Merchant, Bribe Branch, Renounce Religion


You were on level 7 of the Dungeon.
You worshipped Gozag.
Gozag was pleased with you.
You were hungry.

You visited 1 branch of the dungeon, and saw 7 of its levels.
You also visited: Sewer.

You collected 773 gold pieces.
You paid 45 gold pieces to Gozag.

Inventory:

Hand Weapons
 a - the +8 hand axe of Strategic Superiority (weapon) {drain, MP+9}
   (You found it on level 4 of the Dungeon)

   A truly terrible weapon, it drains the life of those it strikes.
   It affects your magic capacity (+9).
 b - a +0 hunting sling
 c - a +2 war axe of flaming
 k - a +0 blowgun
 w - a +2 whip of pain
 z - a +0 hand crossbow
Missiles
 h - 146 stones (quivered)
 m - 14 poisoned needles
 p - 41 sling bullets
 v - 3 tomahawks
Armour
 e - a +0 scale mail
 g - a +0 chain mail (worn)
 l - a +0 pair of gloves (worn)
 y - a +0 shield (worn)
Jewellery
 u - a ring of poison resistance (right hand)
Scrolls
 o - 6 scrolls of identify
 A - a scroll of brand weapon {unknown}
Potions
 d - a potion of resistance
 i - 2 potions of flight
 n - 4 potions of heal wounds
 q - a potion of curing
 r - 2 potions of invisibility {unknown}
 t - a potion of berserk rage {unknown}
Comestibles
 f - 3 rations


   Skills:
 + Level 8.2 Fighting
 + Level 7.6 Axes
 - Level 5.3 Slings
 + Level 2.2 Crossbows
 - Level 5.0 Armour
 - Level 1.1 Dodging
 - Level 5.5 Shields


You had 7 spell levels left.
You didn't know any spells.
Your spell library was empty.

Dungeon Overview and Level Annotations

Branches:
Dungeon (7/15)             Temple (0/1) D:7

Altars:
Elyvilon
Fedhas
Gozag
Hepliaklqana
Makhleb
Nemelex Xobeh


Innate Abilities, Weirdness & Mutations

You reflexively headbutt those who attack you in melee.
You have a pair of horns on your head.


Message History

The arrow hits you but does no damage.
The centaur unwields a +0 shortbow.
The centaur barely misses you.
You see here an arrow.
Your shield and chain mail prevent you from hitting the red ugly thing.
You headbutt the red ugly thing.
The red ugly thing is lightly wounded.
You hit the red ugly thing.
The red ugly thing is lightly wounded.
You block the red ugly thing's attack.
You closely miss the red ugly thing. You headbutt the red ugly thing!
The red ugly thing is moderately wounded.
The red ugly thing gores you!
You are engulfed in flames!!
* * * LOW HITPOINT WARNING * * *
You slash the red ugly thing!
The red ugly thing is moderately wounded.
The red ugly thing gores you.
* * * LOW HITPOINT WARNING * * *
You are engulfed in flames!!
You die...
Your body crumbles into a pile of gold.

,,**,**,,,,,,,,,,,+*,*,*+,,**,*
,,,,,,...,......,..###**....#.#
,.#..*#.#*#....*,#.#.# *....#.###
,....##.###.#.#**#.#.# *,.......,
#,#..##.....#.####.#.#####..#.###
*.#..##.###......................
,,............................#.#
#,##.##.###.#.####.#.###.#..###.#
#.#..........cOu@(...............
#.#.........###################.#
#...........# #.#
###.###..##.##♣♣♣** #.#
...........O....♣.♣******* #.#
........c##u...P.♣,,**,,,* #.#
###.####.#....P.♣♣**,+,,,* #.#
###.####.#.....♣♣ ***,,,* ***#.#
...c..u.....##♣♣ ***** *,,,,,


You could see a red ugly thing, a two-headed ogre and a centaur.

Vanquished Creatures
  Sigmund (D:2)
  An ice beast (D:7)
  2 phantoms (D:6)
  3 black bears (D:6)
  2 ogres (D:4)
  A big kobold (Sewer)
  4 bullfrogs
  A scorpion (D:4)
  2 hounds
  2 centaur skeletons
  An orc priest (D:4)
  An orc wizard (D:4)
  7 worker ants
  A worker ant zombie (D:6)
  4 gnolls (D:6)
  5 adders
  A river rat (Sewer)
  2 oozes
  2 worms (D:3)
  A dart slug (D:2)
  4 leopard geckos
  5 orcs
  5 bats
  6 giant cockroaches
  7 goblins
  3 hobgoblins
  2 jackals (Sewer)
  9 kobolds
  2 quokkas
  2 ball pythons (D:3)
  A frilled lizard (D:3)
  4 rats
94 creatures vanquished.

Notes
Turn   | Place    | Note
-------+----------+-------------------------------------------
     0 | D:1      | teukkam the Minotaur Fighter began the quest for the Orb.
     0 | D:1      | Reached XP level 1. HP: 19/19 MP: 0/0
   214 | D:2      | Reached XP level 2. HP: 27/27 MP: 1/1
   267 | D:2      | Reached skill level 4 in Fighting
   498 | D:2      | Found an opulent altar of Gozag.
   525 | D:2      | Noticed Sigmund
   536 | D:2      | Killed Sigmund
   536 | D:2      | Reached skill level 1 in Dodging
   536 | D:2      | Reached skill level 5 in Shields
   536 | D:2      | Reached XP level 3. HP: 28/34 MP: 2/2
   536 | D:2      | Reached XP level 4. HP: 34/41 MP: 3/3
   536 | D:2      | Reached XP level 5. HP: 39/47 MP: 4/4
   876 | D:2      | Became a worshipper of Gozag Ym Sagoz the Greedy
  1577 | D:3      | Found a blossoming altar of Fedhas.
  1625 | D:3      | Reached skill level 5 in Armour
  1696 | D:3      | Found a sparkling altar of Nemelex Xobeh.
  1732 | D:3      | Found a hazy altar of Hepliaklqana.
  1924 | D:3      | Found a glowing drain.
  1943 | Sewer    | Entered a sewer
  2043 | Sewer    | Reached XP level 6. HP: 51/53 MP: 5/5
  2054 | Sewer    | Reached skill level 1 in Slings
  2195 | Sewer    | Found a glowing silver altar of Zin.
  2381 | D:3      | Reached skill level 5 in Fighting
  2575 | D:4      | Found a white marble altar of Elyvilon.
  2661 | D:5      | Entered Level 5 of the Dungeon
  2828 | D:4      | Reached XP level 7. HP: 61/61 MP: 6/6
  2874 | D:4      | Got a polished hand axe
  2875 | D:4      | Identified the +8 hand axe of Strategic Superiority {drain,
                  | MP+9} (You found it on level 4 of the Dungeon)
  2917 | D:4      | Reached skill level 5 in Axes
  3114 | D:4      | Reached skill level 6 in Fighting
  3410 | D:6      | Reached XP level 8. HP: 55/71 MP: 7/7
  3510 | D:6      | Found a burning altar of Makhleb.
  3556 | D:6      | Reached skill level 7 in Fighting
  3709 | D:6      | Reached skill level 5 in Slings
  4063 | D:6      | Reached skill level 1 in Crossbows
  4205 | D:7      | Noticed a two-headed ogre
  4212 | D:7      | Reached skill level 8 in Fighting
  4261 | D:7      | Noticed a red ugly thing
  4312 | D:7      | Demolished by a red ugly thing

Skill      XL: |  1  2  3  4  5  6  7  8 |
---------------+-------------------------+-----
Shields        | 4 5 |  5.5
Fighting       | 4 5 6 8 |  8.2
Armour         | 4 5 |  5.0
Axes           | 3 4 6 7 |  7.6
Dodging        | 1 |  1.1
Slings         | 2 4 5 |  5.3
Crossbows      | 2 |  2.2

Action                   |  1- 3 |  4- 6 |  7- 9 || total
-------------------------+-------+-------+-------++-------
Melee: War axe           |    47 |   109 |    12 ||   168
       Headbutt          |     7 |    19 |    22 ||    48
       Hand axe          |       |       |    94 ||    94
  Use: Potion            |     2 |     1 |     5 ||     8
       Scroll            |       |     5 |     3 ||     8
 Stab: Distracted        |       |       |     2 ||     2
  Eat: Ration            |       |     2 |     1 ||     3
Armor: Scale mail        |    31 |    46 |    35 ||   112
       Chain mail        |       |       |    22 ||    22
Dodge: Dodged            |    17 |    45 |    38 ||   100
Block: Shield            |    45 |    49 |    60 ||   154
